 Dungeon Crawl Stone Soup version 0.21.1-1-g345015f (webtiles) character file.

19 tidbits the Charmwright (level 2, -5/26 HPs)
             Began as a Gnoll Skald on June 29, 2018.
             Slain by Sigmund
             ... wielding a +0 scythe
              (13 damage)
             ... on level 3 of the Dungeon.
             The game lasted 00:02:14 (240 turns).

tidbits the Charmwright (Gnoll Skald)                Turns: 240, Time: 00:02:15

Health: -5/26      AC:  3    Str: 13    XL:     2   Next: 75%
Magic:  3/7        EV: 14    Int: 20    God:
Gold:   9          SH:  0    Dex: 14    Spells: 5/10 levels left

rFire    . . .     SeeInvis .   a - +0 hand axe
rCold    . . .     Gourm    .   (no shield)
rNeg     . . .     Faith    .   b - +0 leather armour
rPois    .         Spirit   .   (no helmet)
rElec    .         Reflect  .   (no cloak)
rCorr    .         Harm     .   (no gloves)
MR       .....                  (no boots)
Stlth    +.........             (no amulet)
HPRegen  0.08/turn              (no ring)
MPRegen  0.10/turn              (no ring)

@: brilliant, infused
A: distributed training, fangs 1, strong nose
a: no special abilities


You were on level 3 of the Dungeon.
You were not hungry.

You visited 1 branch of the dungeon, and saw 3 of its levels.

You collected 9 gold pieces.

Inventory:

Hand Weapons
 a - a +0 hand axe (weapon)
 i - a +0 trident
Armour
 b - a +0 leather armour (worn)
Scrolls
 g - 2 scrolls of identify {unknown}
 h - a scroll of teleportation {unknown}
 j - a scroll of remove curse {unknown}
Potions
 f - a potion of ambrosia
Books
 c - a book of Battle

   Spells                             Type                      Level
   a - Infusion                       Charms                       1
   b - Shroud of Golubria             Charms/Translocation         2
   c - Song of Slaying                Charms                       2
   d - Spectral Weapon                Hexes/Charms                 3
   e - Regeneration                   Charms/Necromancy            3
Comestibles
 d - 3 rations


   Skills:
 + Level 4.5 Fighting
 + Level 0.5 Short Blades
 + Level 0.5 Long Blades
 + Level 4.5 Axes
 + Level 0.5 Maces & Flails
 + Level 0.5 Polearms
 + Level 0.5 Staves
 + Level 0.5 Slings
 + Level 0.5 Bows
 + Level 0.5 Crossbows
 + Level 0.5 Throwing
 + Level 2.5 Armour
 + Level 4.5 Dodging
 + Level 0.5 Stealth
 + Level 0.5 Shields
 + Level 0.5 Unarmed Combat
 + Level 4.9 Spellcasting
 + Level 0.3 Conjurations
 + Level 0.3 Hexes
 + Level 5.3 Charms
 + Level 0.3 Summonings
 + Level 0.3 Necromancy
 + Level 0.3 Translocations
 + Level 0.3 Transmutations
 + Level 0.3 Fire Magic
 + Level 0.3 Ice Magic
 + Level 0.3 Air Magic
 + Level 0.3 Earth Magic
 + Level 0.3 Poison Magic
 + Level 0.6 Invocations
 + Level 0.5 Evocations


You had 5 spell levels left.
You knew the following spells:

 Your Spells              Type           Power        Failure   Level  Hunger
g - Shroud of Golubria    Chrm/Tloc      ####......   1%          2    #......
i - Infusion              Chrm           ####         1%          1    None
y - Song of Slaying       Chrm           #####...     1%          2    #......


Dungeon Overview and Level Annotations

Branches:
Dungeon (3/15)

Altars:

Annotations:
D:3 Sigmund


Innate Abilities, Weirdness & Mutations

Your experience applies equally to all skills.
You have very sharp teeth.
Your uncanny sense of smell can sniff out nearby items.


Message History

A bat comes into view.
Found a scroll labeled KIUSOBR FIDGHA.
Unknown command.
The bat barely misses you. x2
You closely miss the bat. Your bite misses the bat. The bat closely misses you.
You hit the bat.
The bat is moderately wounded.
The bat barely misses you. The bat hits you. The bat barely misses you.
The bat barely misses you.
There is a stone staircase leading down here.
You slash the bat!
You kill the bat!
You open the door.
You hear a shout!
Found 15 poisoned needles.
Your song is almost over.
You hear a shout!
You see here a scroll labeled KIUSOBR FIDGHA.
h - a scroll labeled KIUSOBR FIDGHA An orc comes into view.
It is wielding a club.
Your song has ended.
You hit the orc.
The orc is almost dead.
The orc barely misses you.
You slash the orc!
You kill the orc!
Things that are here:
a club; an orc corpse A rat comes into view.
Found a scroll labeled ZUEHAI TYITH.
The rat completely misses you.
Found a ration.
The rat closely misses you.
Found a trident.
You see here a trident.
i - a trident The rat bites you.
Casting: Song of Slaying
Confirm with . or Enter, or press ? or * to list all spells.
You start singing a song of slaying.
You hit the rat.
You kill the rat!
You see here a scroll labeled ZUEHAI TYITH.
j - a scroll labeled ZUEHAI TYITH You hear an angry hiss.
A frilled lizard comes into view.
Found an emerald potion.
You see here a ration.
d - 3 rations (gained 1)
You see here an emerald potion.
k - an emerald potion You hit the frilled lizard.
You kill the frilled lizard!
Your song is almost over.
You open the door.
Sigmund the Dreaded comes into view.
He is wielding a scythe.
Sigmund shouts!
Sigmund whispers, "You'll know eternity soon."
Sigmund closely misses you.
Unknown command.
It was a potion of ambrosia.
You are confused.
You feel invigorated.
Your song has ended.
Sigmund screams, "Don't try to resist!"
You see here a frilled lizard corpse.
Sigmund misses you.
You feel less invigorated.
You feel less confused. Sigmund closely misses you.
Casting: Song of Slaying
Confirm with . or Enter, or press ? or * to list all spells.
You begin infusing your attacks with magical energy.
Okay, then.
Sigmund points at you and mumbles some strange words.
The magic dart hits you!
Unknown command.
You hit Sigmund.
Sigmund is lightly wounded.
Sigmund mumbles some strange words.
Sigmund flickers and vanishes!
It was a potion of magic.
Magic courses through your body. Something hits you but does no damage.
It was a potion of brilliance.
You feel clever all of a sudden.
You hear some strange, mumbled words.
Something tries to affect you, but you resist.
You closely miss something. Something hits you!
* * * LOW HITPOINT WARNING * * *
You hit something. You barely miss something. Something barely misses you.
You hit something. Something hits you but does no damage.
You hit something. You completely miss something. Something barely misses you.
You hit something. Something hits you!
Ouch! That really hurt!
You die...

#. #. #. ... #. .. #.
#. #. #.##'########
#....{......#
##....@.....#
#.....†....#
##########.#.########
.............#
.............#
.............##########
.............##.......#
.............##.......#
...........#.##.......#


There were no monsters in sight!

Vanquished Creatures
  A dart slug (D:1)
  An orc (D:3)
  3 goblins
  2 jackals (D:1)
  4 bats
  2 frilled lizards (D:3)
  A kobold (D:2)
  3 rats
17 creatures vanquished.

Notes
Turn   | Place    | Note
-------+----------+-------------------------------------------
     0 | D:1      | tidbits the Gnoll Skald began the quest for the Orb.
     0 | D:1      | Reached XP level 1. HP: 20/20 MP: 6/6
    50 | D:1      | Reached XP level 2. HP: 20/26 MP: 2/7
    64 | D:1      | Learned a level 2 spell: Song of Slaying
    67 | D:1      | Learned a level 2 spell: Shroud of Golubria
   222 | D:3      | Noticed Sigmund
   240 | D:3      | Slain by Sigmund

Action                   || total
-------------------------++-------
Melee: Hand axe          ||    36
 Cast: Infusion          ||     3
       Song of Slaying   ||     4
  Use: Potion            ||     3
Armor: Leather armour    ||     5
Dodge: Dodged            ||    28

Table legend:
 A = Turns spent in this place as a percentage of turns spent in the entire game.
 B = Non-inter-level travel turns spent in this place as a percentage of non-inter-level travel turns spent in the entire game.
 C = Inter-level travel turns spent in this place as a percentage of turns spent in this place.
 D = Turns resting spent in this place as a percentage of non-inter-level travel turns spent in this place.
 E = Turns spent auto-exploring this place as a percentage of non-inter-level travel turns spent in this place.
 F = Non-inter-level travel turns spent in this place divided by the number of levels of this place that you've seen.
                   A       B       C       D       E      F
               +-------+-------+-------+-------+-------+----------------------
         Total | 100.0 | 100.0 |   0.0 |   0.0 |   0.0 |  80.0
       Dungeon | 100.0 | 100.0 |   0.0 |   0.0 |   0.0 |  80.0
               +-------+-------+-------+-------+-------+----------------------

Table legend:
 A = Kills in this place as a percentage of kills in entire the game.
 B = Kills by you in this place as a percentage of kills by you in the entire game.
 C = Kills by friends in this place as a percentage of kills by friends in the entire game.
 D = Other kills in this place as a percentage of other kills in the entire game.
 E = Experience gained in this place as a percentage of experience gained in the entire game.
 F = Experience gained in this place divided by the number of levels of this place that you have seen.
                   A       B       C       D       E      F
               +-------+-------+-------+-------+-------+----------------------
         Total | 100.0 | 100.0 |   N/A |   N/A | 100.0 |   9.3
       Dungeon | 100.0 | 100.0 |   N/A |   N/A | 100.0 |   9.3
               +-------+-------+-------+-------+-------+----------------------

Vault maps used:
D:1:      zelgadis_glass_arrival_small, st_stairs_3
D:3:      uniq_sigmund, uniq_crazy_yiuf_cottage
